3AAA
HIALEAH DODOS @ CORPUS CHRISTI TWINS
08/08/2018
 
TOP OF THE 1ST
Hialeah Dodos batting - Pitching for Corpus Christi Twins : LHP Kyle Lockhart
Pitching: LHP Kyle Lockhart
Batting: RHB Herman Cook 0-0: Called Strike
0-1: Ball
1-1: Ground out U3 (Groundball, 3)
Batting: LHB Bill Griffin 0-0: Ground out 4-3 (Groundball, 4)
Batting: LHB Motoshige Kitamura 0-0: SINGLE (Line Drive, 9S)
Batting: RHB Joe Andrews 0-0: Ball
1-0: Ball
2-0: Ball
3-0: Called Strike
3-1: Base on Balls
Motoshige Kitamura to second
Batting: RHB Peter Baker 0-0: Ball
1-0: Ball
2-0: Called Strike
2-1: Foul Ball, location: 2F
2-2: Strikes out looking
Top of the 1st over - 0 run(s), 1 hit(s), 0 error(s), 2 left on base; Hialeah 0 - Corpus Christi 0
BOTTOM OF THE 1ST
Corpus Christi Twins batting - Pitching for Hialeah Dodos : LHP Tony Hernández
Pitching: LHP Tony Hernández
Batting: RHB Carlos Santos 0-0: Ball
1-0: Ball
2-0: Ball
3-0: Called Strike
3-1: Foul Ball, location: 2F
3-2: Base on Balls
Batting: RHB Denis Taylor 0-0: Ball
1-0: Foul Ball, location: 2F
1-1: Swinging Strike
Carlos Santos is caught stealing 2nd base
1-2: Foul Ball, location: 2F
1-2: Ball
2-2: Strikes out swinging
Batting: RHB Gonzalo Núńez 0-0: SINGLE (Line Drive, 34)
Batting: RHB Daniel Cooper 0-0: Ball
Error on foul ball, E3
1-1: Fielders Choice at 2nd, U6 (Groundball, 6M)
Bottom of the 1st over - 0 run(s), 1 hit(s), 1 error(s), 1 left on base; Hialeah 0 - Corpus Christi 0
TOP OF THE 2ND
Hialeah Dodos batting - Pitching for Corpus Christi Twins : LHP Kyle Lockhart
Batting: RHB Kelly Flint 0-0: SINGLE (Flyball, 8RS)
Batting: RHB Mitch Jensen 0-0: Ball
1-0: Called Strike
1-1: Ball
Wild Pitch!
Kelly Flint to second
2-1: Ball
3-1: Base on Balls
Batting: RHB Ji-chol Yang 0-0: Ball
1-0: Ball
2-0: Called Strike
2-1: Ball
3-1: Swinging Strike
3-2: Base on Balls
Kelly Flint to third
Mitch Jensen to second
Batting: RHB Reece White 0-0: Ball
1-0: Ball
2-0: Called Strike
2-1: Foul Ball, location: 2F
2-2: Strikes out looking
Batting: RHB Herman Cook 0-0: Ball
1-0: DOUBLE (Line Drive, 8LD)
Kelly Flint scores
Mitch Jensen scores
Ji-chol Yang to third
Batting: LHB Bill Griffin 0-0: Called Strike
0-1: Foul Ball, location: 2F
0-2: Ball
1-2: Ball
2-2: Strikes out looking
Batting: LHB Motoshige Kitamura 0-0: Swinging Strike
0-1: Ball
1-1: Ball
2-1: Swinging Strike
2-2: Ball
3-2: Foul Ball, location: 2F
3-2: Base on Balls
Batting: RHB Joe Andrews 0-0: Foul Ball, location: 2F
0-1: Fly out, F9 (Flyball, 89S)
Top of the 2nd over - 2 run(s), 2 hit(s), 0 error(s), 3 left on base; Hialeah 2 - Corpus Christi 0
BOTTOM OF THE 2ND
Corpus Christi Twins batting - Pitching for Hialeah Dodos : LHP Tony Hernández
Batting: RHB Júlio Santos 0-0: Called Strike
0-1: SINGLE (Line Drive, 7S)
Batting: LHB Juan Durán 0-0: Called Strike
0-1: 2-RUN HOME RUN (Flyball, 9D), Distance : 391 ft
Batting: RHB Bill McCarty 0-0: Ball
1-0: Called Strike
1-1: SINGLE (Groundball, 56D)
Batting: LHB Michael Smith 0-0: Swinging Strike
0-1: Swinging Strike
0-2: Ball
1-2: Ball
2-2: Strikes out swinging
Batting: LHB Curtis Peters 0-0: Ball
1-0: Ball
2-0: DOUBLE (Flyball, 7LD)
Bill McCarty to third
Batting: RHB Carlos Santos 0-0: Ball
1-0: Ball
2-0: Foul Ball, location: 2F
2-1: SINGLE (Line Drive, 3D)
Bill McCarty scores
Curtis Peters to third
Batting: RHB Denis Taylor 0-0: Ball
1-0: Foul Ball, location: 2F
1-1: Grounds into double play, 6-4-3 (Groundball, 6)
Bottom of the 2nd over - 3 run(s), 5 hit(s), 0 error(s), 1 left on base; Hialeah 2 - Corpus Christi 3
TOP OF THE 3RD
Hialeah Dodos batting - Pitching for Corpus Christi Twins : LHP Kyle Lockhart
Batting: RHB Peter Baker 0-0: Foul Ball, location: 2F
0-1: DOUBLE (Groundball, 5L)
Batting: RHB Kelly Flint 0-0: Foul Ball, location: 2F
0-1: 2-RUN HOME RUN (Flyball, 7D), Distance : 385 ft
Batting: RHB Mitch Jensen 0-0: Ball
1-0: SINGLE (Line Drive, 8LS)
Batting: RHB Ji-chol Yang 0-0: Ball
1-0: Ball
2-0: Foul Ball, location: 2F
2-1: DOUBLE (Groundball, 5L)
Mitch Jensen to third
Batting: RHB Reece White 0-0: Ball
1-0: Swinging Strike
1-1: Fly out, F9 (Flyball, 89M)
Runner from 3rd tags up, SCORES, throw made
Batting: RHB Herman Cook 0-0: SINGLE (Flyball, 6MD)
Ji-chol Yang to third
Batting: LHB Bill Griffin 0-0: Ball
1-0: Ball
2-0: Foul Ball, location: 2F
2-1: Foul Ball, location: 2F
2-2: Strikes out swinging
Batting: LHB Motoshige Kitamura 0-0: Ball
1-0: Ball
2-0: Ball
3-0: Called Strike
3-1: SINGLE (Groundball, 34)
Ji-chol Yang scores
Herman Cook to second
Runner from 2nd tries for 3rd, SAFE, no throw or cutoff
Pitching: RHP Dan Riggs
Batting: RHB Joe Andrews 0-0: Called Strike
Motoshige Kitamura is caught stealing 2nd base
Top of the 3rd over - 4 run(s), 6 hit(s), 0 error(s), 0 left on base; Hialeah 6 - Corpus Christi 3
BOTTOM OF THE 3RD
Corpus Christi Twins batting - Pitching for Hialeah Dodos : LHP Tony Hernández
Batting: RHB Gonzalo Núńez 0-0: Ball
1-0: Ground out 1-3 (Groundball, 13S)
Batting: RHB Daniel Cooper 0-0: Ball
1-0: Ball
2-0: DOUBLE (Line Drive, 89M)
Batting: RHB Júlio Santos 0-0: Ball
1-0: SINGLE (Flyball, 89S)
Daniel Cooper to third
Runner from 3rd tries for Home, SAFE, no throw or cutoff
Batting: LHB Juan Durán 0-0: Ball
1-0: Ball
2-0: Swinging Strike
2-1: Foul Ball, location: 2F
2-2: Foul Ball, location: 2F
2-2: Foul Ball, location: 2F
2-2: Ball
3-2: SINGLE (Flyball, 7LS)
Júlio Santos to second
Batting: RHB Bill McCarty 0-0: Called Strike
0-1: Ball
1-1: Ball
2-1: DOUBLE (Line Drive, 89M)
Júlio Santos scores
Juan Durán to third
Pitching: RHP Claudio Cruz
Batting: LHB Michael Smith 0-0: Foul Ball, location: 2F
0-1: Ball
1-1: Ball
2-1: Fly out, F8 (Flyball, 8RM)
Runner from 3rd tags up, SCORES, no throw
Batting: LHB Curtis Peters 0-0: Ball
1-0: Foul Ball, location: 2F
1-1: Foul Ball, location: 2F
1-2: Fly out, F7 (Flyball, 7M)
Bottom of the 3rd over - 3 run(s), 4 hit(s), 0 error(s), 1 left on base; Hialeah 6 - Corpus Christi 6
TOP OF THE 4TH
Hialeah Dodos batting - Pitching for Corpus Christi Twins : RHP Dan Riggs
Batting: RHB Joe Andrews 0-0: Ball
1-0: Ball
2-0: Called Strike
2-1: Called Strike
2-2: Strikes out swinging
Batting: RHB Peter Baker 0-0: SINGLE (Groundball, 6M)
Batting: RHB Kelly Flint 0-0: SINGLE (Line Drive, 4M)
Peter Baker to second
Batting: RHB Mitch Jensen 0-0: Fly out, F8 (Line Drive, 8LM)
Batting: RHB Ji-chol Yang 0-0: Foul Ball, location: 2F
0-1: Ball
1-1: Foul Ball, location: 2F
1-2: SINGLE (Groundball, 6M)
Peter Baker to third
Kelly Flint to second
Runner from 3rd tries for Home, SAFE, no throw or cutoff
Batting: RHB Reece White 0-0: Ball
1-0: Fielders Choice at 2nd, 6-4 (Groundball, 6)
Top of the 4th over - 1 run(s), 3 hit(s), 0 error(s), 1 left on base; Hialeah 7 - Corpus Christi 6
BOTTOM OF THE 4TH
Corpus Christi Twins batting - Pitching for Hialeah Dodos : RHP Claudio Cruz
Batting: RHB Carlos Santos 0-0: Ball
1-0: Swinging Strike
1-1: SINGLE (Groundball, 6D)
Batting: RHB Denis Taylor 0-0: Ball
1-0: Foul Ball, location: 2F
1-1: Fly out, F2 (Popup, 2RF)
Batting: RHB Gonzalo Núńez 0-0: Ball
1-0: Called Strike
1-1: Ball
2-1: Swinging Strike
2-2: 2-RUN HOME RUN (Flyball, 78XD), Distance : 426 ft
Batting: RHB Daniel Cooper 0-0: SINGLE (Flyball, 8LS)
Batting: RHB Júlio Santos 0-0: DOUBLE (Flyball, 8LXD)
Daniel Cooper to third
Batting: LHB Juan Durán 0-0: Called Strike
0-1: Fly out, F9 (Line Drive, 9M)
Runner from 3rd tags up, SCORES, no throw
Pitching: RHP Mike Lane
Batting: RHB Bill McCarty 0-0: Foul Ball, location: 2F
0-1: Foul Ball, location: 2F
0-2: Ball
1-2: Foul Ball, location: 2F
1-2: Foul Ball, location: 2F
1-2: Ground out 6-3 (Groundball, 6M)
Bottom of the 4th over - 3 run(s), 4 hit(s), 0 error(s), 1 left on base; Hialeah 7 - Corpus Christi 9
TOP OF THE 5TH
Hialeah Dodos batting - Pitching for Corpus Christi Twins : RHP Dan Riggs
Batting: RHB Herman Cook 0-0: Ball
1-0: Foul Ball, location: 2F
1-1: Reached on error, E5 (Groundball, 56)
Batting: LHB Bill Griffin 0-0: Ball
1-0: Swinging Strike
1-1: Foul Ball, location: 2F
1-2: Ball
2-2: Ball
3-2: Base on Balls
Herman Cook to second
Batting: LHB Motoshige Kitamura 0-0: SINGLE (Line Drive, 9S)
Herman Cook to third
Bill Griffin to second
Runner from 3rd tries for Home, SAFE, no throw or cutoff
Batting: RHB Joe Andrews 0-0: Ball
1-0: Ball
2-0: Grounds into double play, 4-6-3 (Groundball, 4)
Bill Griffin to third
Batting: RHB Peter Baker 0-0: Called Strike
0-1: Ball
1-1: Ball
2-1: Foul Ball, location: 2F
2-2: Ground out 6-3 (Groundball, 6)
Top of the 5th over - 1 run(s), 1 hit(s), 1 error(s), 1 left on base; Hialeah 8 - Corpus Christi 9
BOTTOM OF THE 5TH
Corpus Christi Twins batting - Pitching for Hialeah Dodos : RHP Mike Lane
Batting: LHB Michael Smith 0-0: Foul Ball, location: 2F
0-1: Foul Ball, location: 2F
0-2: Ball
1-2: Strikes out swinging
Batting: LHB Curtis Peters 0-0: Called Strike
0-1: Called Strike
0-2: Ball
1-2: Ball
2-2: Ball
3-2: DOUBLE (Line Drive, 5)
Batting: RHB Carlos Santos 0-0: Foul Ball, location: 2F
0-1: Called Strike
0-2: Ball
1-2: Ball
2-2: SINGLE (Groundball, 34D)
Curtis Peters to third
Runner from 3rd tries for Home, SAFE, no throw or cutoff
Batting: RHB Denis Taylor 0-0: Called Strike
0-1: Called Strike
0-2: Grounds into double play, 5-4-3 (Groundball, 56)
Bottom of the 5th over - 1 run(s), 2 hit(s), 0 error(s), 0 left on base; Hialeah 8 - Corpus Christi 10
TOP OF THE 6TH
Hialeah Dodos batting - Pitching for Corpus Christi Twins : RHP Dan Riggs
Batting: RHB Kelly Flint 0-0: Ball
1-0: SINGLE (Line Drive, 6MD)
Batting: RHB Mitch Jensen 0-0: Swinging Strike
0-1: SINGLE (Line Drive, 6M)
Kelly Flint to second
Batting: RHB Ji-chol Yang 0-0: Called Strike
0-1: Foul Ball, location: 2F
0-2: Strikes out swinging
Pitching: RHP Claudio Salinas
Batting: RHB Reece White 0-0: Ball
1-0: Swinging Strike
1-1: Ball
Passed Ball!
Kelly Flint to third
Mitch Jensen to second
2-1: Ball
3-1: Called Strike
3-2: Foul Ball, location: 2F
3-2: Base on Balls
Batting: RHB Herman Cook 0-0: Called Strike
0-1: Ball
1-1: Foul Ball, location: 2F
1-2: Ball
2-2: Ball
3-2: Fly out, F9 (Flyball, 9M)
Runner from 3rd tags up, SCORES, throw made
Batting: LHB Bill Griffin 0-0: Called Strike
0-1: Ball
1-1: Ball
2-1: Foul Ball, location: 2F
2-2: Fly out, F3 (Popup, 3SF)
Top of the 6th over - 1 run(s), 2 hit(s), 0 error(s), 2 left on base; Hialeah 9 - Corpus Christi 10
BOTTOM OF THE 6TH
Corpus Christi Twins batting - Pitching for Hialeah Dodos : RHP Mike Lane
Batting: RHB Gonzalo Núńez 0-0: Called Strike
0-1: Ball
1-1: Foul Ball, location: 2F
1-2: Foul Ball, location: 2F
1-2: Strikes out looking
Batting: RHB Daniel Cooper 0-0: Called Strike
0-1: Ball
1-1: Swinging Strike
1-2: Ball
2-2: Strikes out looking
Batting: RHB Júlio Santos 0-0: Foul Ball, location: 2F
0-1: Swinging Strike
0-2: Ball
1-2: Foul Ball, location: 2F
1-2: Ball
2-2: Fly out, F6 (Line Drive, 6)
Bottom of the 6th over - 0 run(s), 0 hit(s), 0 error(s), 0 left on base; Hialeah 9 - Corpus Christi 10
TOP OF THE 7TH
Hialeah Dodos batting - Pitching for Corpus Christi Twins : RHP Claudio Salinas
Batting: LHB Motoshige Kitamura 0-0: Ball
1-0: Ball
2-0: Called Strike
2-1: Ball
3-1: Foul Ball, location: 2F
3-2: Base on Balls
Batting: RHB Joe Andrews 0-0: Called Strike
0-1: Called Strike
Motoshige Kitamura steals 2nd base
0-2: Strikes out swinging
Batting: RHB Peter Baker 0-0: Ball
Wild Pitch!
Motoshige Kitamura to third
1-0: Fly out, F8 (Flyball, 8LM)
Runner from 3rd tags up, SCORES, no throw
Batting: RHB Kelly Flint 0-0: Foul Ball, location: 2F
0-1: Ball
1-1: Ball
2-1: Swinging Strike
2-2: Foul Ball, location: 2F
2-2: SINGLE (Line Drive, 8LS)
Batting: RHB Mitch Jensen 0-0: Called Strike
0-1: Foul Ball, location: 2F
0-2: Foul Ball, location: 2F
0-2: Ball
1-2: Ball
2-2: Foul Ball, location: 2F
2-2: Strikes out swinging
Top of the 7th over - 1 run(s), 1 hit(s), 0 error(s), 1 left on base; Hialeah 10 - Corpus Christi 10
BOTTOM OF THE 7TH
Corpus Christi Twins batting - Pitching for Hialeah Dodos : RHP Mike Lane
Pitching: LHP Ben Flowers
Pinch Hitting: RHB Wilbur Harris 0-0: Ball
1-0: Swinging Strike
1-1: Swinging Strike
1-2: DOUBLE (Line Drive, 7LS)
Batting: RHB Bill McCarty 0-0: Intentional Walk
Pinch Hitting: RHB Dale Carney 0-0: Swinging Strike
0-1: Swinging Strike
0-2: 3-RUN HOME RUN (Line Drive, 78XD), Distance : 419 ft
Pitching: RHP Ademar Sant' Ana
Batting: LHB Curtis Peters 0-0: Called Strike
0-1: Ball
1-1: Called Strike
1-2: Ball
2-2: SINGLE (Line Drive, 56)
Batting: RHB Carlos Santos 0-0: Called Strike
0-1: Ball
1-1: Fielders Choice at 2nd, 3-6 (Groundball, 3)
Batting: RHB Denis Taylor 0-0: Foul Ball, location: 2F
0-1: Ball
1-1: Ball
2-1: Ball
3-1: Base on Balls
Carlos Santos to second
Batting: RHB Gonzalo Núńez 0-0: Foul Ball, location: 2F
0-1: Ball
1-1: Called Strike
1-2: Ground out 5-3 (Groundball, 56S)
Carlos Santos to third
Denis Taylor to second
Batting: RHB Daniel Cooper 0-0: Called Strike
0-1: Swinging Strike
0-2: Foul Ball, location: 2F
0-2: Strikes out swinging
Bottom of the 7th over - 3 run(s), 3 hit(s), 0 error(s), 2 left on base; Hialeah 10 - Corpus Christi 13
TOP OF THE 8TH
Hialeah Dodos batting - Pitching for Corpus Christi Twins : RHP Claudio Salinas
Now at C: Vincent Parker
Now at 1B: Wilbur Harris
Now at 3B: Chad Graham
Now in RF: Don Sullivan
Batting: RHB Ji-chol Yang 0-0: Ball
1-0: Ground out 5-3 (Groundball, 6)
Pitching: LHP Craig Bolton
Batting: RHB Reece White 0-0: Foul Ball, location: 2F
0-1: Called Strike
0-2: Ball
1-2: Ball
2-2: Ball
3-2: Fly out, F7 (Flyball, 78M)
Batting: RHB Herman Cook 0-0: Ball
1-0: Ball
2-0: SOLO HOME RUN (Flyball, 7LD), Distance : 361 ft
Batting: LHB Bill Griffin 0-0: Called Strike
0-1: Called Strike
0-2: Ball
1-2: SINGLE (Groundball, 4MD)
Pitching: LHP Eugene Baker
Batting: LHB Motoshige Kitamura 0-0: Ball
1-0: Fly out, F8 (Flyball, 8LM)
Top of the 8th over - 1 run(s), 2 hit(s), 0 error(s), 1 left on base; Hialeah 11 - Corpus Christi 13
BOTTOM OF THE 8TH
Corpus Christi Twins batting - Pitching for Hialeah Dodos : RHP Ademar Sant' Ana
Batting: RHB Vincent Parker 0-0: Ball
1-0: Ball
2-0: Called Strike
2-1: Ball
3-1: Ground out 6-3 (Groundball, 6)
Batting: RHB Wilbur Harris 0-0: Ball
1-0: Called Strike
1-1: Ground out 1-3 (Groundball, 13)
Batting: RHB Bill McCarty 0-0: Ball
1-0: Called Strike
1-1: Ground out 4-3 (Groundball, 4)
Bottom of the 8th over - 0 run(s), 0 hit(s), 0 error(s), 0 left on base; Hialeah 11 - Corpus Christi 13
TOP OF THE 9TH
Hialeah Dodos batting - Pitching for Corpus Christi Twins : LHP Eugene Baker
Pitching: RHP Reynaldo Díaz
Batting: RHB Joe Andrews 0-0: Ball
1-0: Called Strike
1-1: Fly out, F9 (Line Drive, 8RD)
Batting: RHB Peter Baker 0-0: Ball
1-0: Ball
2-0: Ball
3-0: Swinging Strike
3-1: Base on Balls
Batting: RHB Kelly Flint 0-0: Ball
1-0: Swinging Strike
1-1: Ball
2-1: Foul Ball, location: 2F
2-2: Foul Ball, location: 2F
2-2: Ball
3-2: Foul Ball, location: 2F
3-2: Strikes out looking
Batting: RHB Mitch Jensen 0-0: Ball
1-0: SINGLE (Groundball, 6M)
Peter Baker to second
Runner from 2nd tries for 3rd, SAFE, throw made to third
Mitch Jensen to second
Pinch Hitting: LHB Craig Lovins 0-0: Foul Ball, location: 2F
0-1: Foul Ball, location: 2F
0-2: Ball
1-2: Fly out, F8 (Flyball, 89M)
Top of the 9th over - 0 run(s), 1 hit(s), 0 error(s), 2 left on base; Hialeah 11 - Corpus Christi 13
This league is powered by Out of the Park Baseball, the baseball management simulation game for PC, Mac and Linux
Monday, May 4th, 2015 - OOTP Baseball 15.6 Build 34